Zazza, neutral female human Tourist --------- |........#### ........| # ........| # %.%%.@.).# .---C----# # ## # # # # ##2 # % # #%# # #%# #-.- #|... #+....\ |....... |......... ----------- Zazza the Peregrinatrix Experience level: 10 Strength: 25 Dexterity: 12 Constitution: 18 Intelligence: 13 Wisdom: 14 Charisma: 15 Health: 0(76) Energy: 59(59) Def: 9 Gold: 0 Moves: 22408 Dungeon seed: t5km_5j4drzRB_40 Game ID: Zazza_1564009160 Your Inventory: Amulets W - an uncursed amulet of reflection (being worn) Weapons a - a blessed +0 elven dagger (weapon in hand) J - a +1 dagger (in quiver) Armor o - an uncursed +0 small shield (being worn) p - an uncursed +0 pair of gauntlets of power (being worn) u - an uncursed rusty +0 helmet (being worn) v - an uncursed +0 pair of speed boots (being worn) Rings n - an uncursed ring of warning (on left hand) R - an uncursed +1 ring of protection (on right hand) Wands N - a wand of striking (0:0) Tools k - an uncursed skeleton key m - an uncursed mirror s - an uncursed tin whistle t - an uncursed towel w - an uncursed magic lamp (lit) z - an uncursed bag of holding D - an uncursed pair of lenses (being worn) G - an expensive camera (0:70) Gems e - an uncursed luckstone h - an uncursed topaz stone Contents of the bag of holding: 265 gold pieces a cheap plastic imitation of the Amulet of Yendor an uncursed egg 11 uncursed food rations 3 uncursed lizard corpses 9 uncursed lumps of royal jelly an uncursed orange an uncursed sprig of wolfsbane an uncursed tripe ration an uncursed scroll of earth Spells and supernatural/magical abilities: Name Level Category Fail Memory p - protection 1 clerical 99% 33% W - pray for help -- divine ? -- Your skills at the end: Fighting Skills Weapon Skills dagger [Expert] dart [Basic] Spellcasting Skills Final Attributes: You were piously aligned. You were fire resistant. You were shock resistant. You were poison resistant. You were telepathic. You were warned. You had automatic searching. You were protected. You were very fast. You had reflection. You were lucky. You had extra luck. Bad luck did not time out for you. Good luck did not time out for you. You are dead. Vanquished creatures: a baby yellow dragon a black pudding 2 vampires 3 ghosts a queen bee 2 giant mimics a zruty a fire giant a flesh golem a large mimic a baby long worm 2 earth elementals a giant mummy a black naga a winter wolf 7 small mimics 2 ettin mummies a wood golem a pyrolisk a large dog a shocking sphere 3 tigers a dwarf king an ochre jelly 3 leocrottas a human mummy 3 pit vipers a cobra a wraith an incubus a chameleon a crocodile a giant beetle 5 winter wolf cubs a lynx a gremlin a leprechaun a mumak 2 giant spiders an ice vortex a vampire bat 2 forest centaurs 4 gnome kings 4 orc mummies a brown pudding a rust monster an owlbear a yeti a gold golem 2 werewolves a giant eel 6 lizards a chickatrice 2 dogs a housecat a jaguar a dwarf lord a blue jelly a dust vortex 2 ravens 2 plains centaurs 2 gnome mummies 2 snakes 3 apes a human zombie 2 rope golems 2 Woodland-elves 9 fire ants 8 bugbears an imp 5 wood nymphs a water nymph 9 Mordor orcs 4 Uruk-hai an orc shaman 4 rock piercers 4 rock moles a pony 3 fog clouds 2 yellow lights 5 shriekers 3 violet fungi 17 gnome lords 6 gnomish wizards 3 kobold mummies a red naga hatchling 5 gray oozes 4 elf zombies a straw golem 2 baby crocodiles 6 giant ants 2 little dogs 8 floating eyes 17 dwarves 2 homunculi 4 kobold lords 5 kobold shamans 10 hill orcs 5 rothes 7 rabid rats a centipede 4 giant bats 4 monkeys 7 orc zombies 3 dwarf zombies a wererat 2 werejackals 5 iguanas 22 killer bees 8 acid blobs 8 coyotes 2 gas spores 6 hobbits 2 manes 5 large kobolds 17 hobgoblins 7 giant rats 12 cave spiders 3 brown molds 2 yellow molds 4 green molds 6 red molds 59 gnomes 5 gnome zombies 7 geckos 26 jackals a fox 12 goblins 11 sewer rats 20 grid bugs a bat 12 lichens 5 kobold zombies 20 newts 587 creatures vanquished. Voluntary challenges: You used a wielded weapon 918 times, starting on turn 2188. You read items or engraved 52 times, starting on turn 1001. You never genocided any monsters. You never polymorphed an object. You changed form 2 times, starting on turn 4006. You used no wishes. You never split a pudding. You wrote Elbereth's name 27 times, starting on turn 2568. You violated your moral code, losing 10 points of alignment, starting on turn 10182. Dungeon overview: The Dungeons of Doom: levels 1 to 18 Level 1 a long staircase Level 2 (books) a bookstore, an altar to The Lady, a fountain Level 3 Level 4 a scroll shop, a fountain stairs to The Gnomish Mines Level 5 a general store Level 6 a fountain, a throne Level 7 many fountains Level 8 an altar to The Lady, a fountain stairs to Sokoban Level 9 some fountains, a sink Level 10 an altar to The Lady Level 11 Level 12 a fountain Level 13 some fountains Level 14 a sink portal to The Quest Level 15 Level 16 Level 18 <- You were here a throne The Gnomish Mines: levels 5 to 12 Level 5 stairs to The Dungeons of Doom Level 6 Level 7 some shops, a temple to Blind Io, some fountains Level 8 Level 9 Level 10 Level 11 Level 12 some fountains The Quest: Level 1 portal to The Dungeons of Doom Sokoban: levels 4 to 7 Level 4 Level 5 Level 6 Level 7 stairs to The Dungeons of Doom History has recorded: On T:1 you entered the Dungeons of Doom to retrieve the Amulet of Yendor! On T:647 you reached level 2 of The Dungeons of Doom. On T:1029 you advanced to experience level 2. On T:1439 you reached level 3 of The Dungeons of Doom. On T:2108 you advanced to experience level 3. On T:2174 you reached level 4 of The Dungeons of Doom. On T:2536 you advanced to experience level 4. On T:3402 you reached level 5 of The Dungeons of Doom. On T:3803 you reached level 6 of The Dungeons of Doom. On T:3819 you advanced to experience level 5. On T:4495 you reached level 1 of The Gnomish Mines. On T:6841 you advanced to experience level 6. On T:6995 you reached level 2 of The Gnomish Mines. On T:7229 you reached level 3 of The Gnomish Mines. On T:7507 you advanced to experience level 7. On T:9801 you reached level 7 of The Dungeons of Doom. On T:9854 you advanced to experience level 8. On T:9937 you reached level 8 of The Dungeons of Doom. On T:10103 you reached level 4 of Sokoban. On T:10359 you reached level 3 of Sokoban. On T:10802 you reached level 9 of The Dungeons of Doom. On T:11198 you reached level 10 of The Dungeons of Doom. On T:11390 you reached level 11 of The Dungeons of Doom. On T:11668 you reached level 12 of The Dungeons of Doom. On T:12321 you reached level 13 of The Dungeons of Doom. On T:12593 you advanced to experience level 9. On T:14245 you reached level 2 of Sokoban. On T:14587 you reached level 1 of Sokoban. On T:16185 you reached level 14 of The Dungeons of Doom. On T:16329 you reached level 1 of The Quest. On T:16562 you reached level 15 of The Dungeons of Doom. On T:16741 you advanced to experience level 10. On T:17720 you reached level 4 of The Gnomish Mines. On T:18089 you reached level 5 of The Gnomish Mines. On T:18465 you reached level 6 of The Gnomish Mines. On T:19094 you reached level 7 of The Gnomish Mines. On T:19466 you reached level 8 of The Gnomish Mines. On T:21668 you reached level 16 of The Dungeons of Doom. On T:21975 you reached level 18 of The Dungeons of Doom. Score breakdown: Gold: 228 ( 8027 points) Experience: 10 levels (16712 points) Exploration: 18 levels ( 35.29%) (17492 points) Discoveries: 62 items ( 20.81%) (13683 points) Valuables value: (no points given unless you survive) Artifact value: 0 ( 0 points) Variety of kills: 134 monsters ( 35.17%) (17791 points) Turncount: 22408 turns (-3570 points) Survival: died (score multiplied by 80%) Total score: 56108 Latest messages: The dagger hits it. You kill the Mordor orc! J - a dagger (in quiver). Something is written here in the dust. You read: "|?c???n". There are a few more objects here. The plains centaur wields a curved sword! Something is written here in the dust. You read: "?|bc?etn". You wipe out the message that was written in the dust here. You engrave in the floor with an uncursed ring called warning (on left hand). The plains centaur swings his curved sword. The plains centaur hits! The plains centaur kicks! The plains centaur swings his curved sword. The plains centaur hits! The plains centaur kicks! The plains centaur swings his curved sword. The plains centaur hits! You die... Final status: Aloha Zazza the Tourist, killed by a plains centaur, while engraving... You died in The Dungeons of Doom on dungeon level 18 with 56108 points, and 265 pieces of gold, after 22408 moves. You were level 10 with a maximum of 76 hit points when you died.